 Dungeon Crawl Stone Soup version 0.30-a0-989-g0d87f670db (webtiles) character file.

Game seed: 10538869317471749305

84 bearlyready the Covered (level 4, -3/40 HPs)
             Began as an Armataur Berserker on Apr 3, 2023.
             Was a Believer of Trog.
             Slain by an iguana (5 damage)
             ... on level 3 of the Dungeon.
             The game lasted 00:02:18 (2331 turns).

bearlyready the Covered (Armataur Berserker)        Turns: 2331, Time: 00:02:18

Health: -3/40      AC:  6    Str: 24    XL:     4   Next: 24%
Magic:  4/4        EV:  8    Int:  8    God:    Trog [**....]
Gold:   140        SH:  0    Dex:  9    Spells: 3/3 levels left

rFire   . . .      SeeInvis .    a - +0 hand axe
rCold   . . .      Faith    .    (no shield)
rNeg    . . .      Spirit   .    n - +0 scale mail
rPois   .          Reflect  .    (no helmet)
rElec   .          Roll     +    (no cloak)
rCorr   .                        (no gloves)
Will    .....                    (no barding) Stlth
                                 (no amulet)
HPRegen 0.26/turn                (no ring)
MPRegen 0.09/turn                (no ring)

@: no status effects
A: large, rugged brown scales 3, deformed body, armoured tail, roll, long
tongue, awkward tongue
a: Renounce Religion, Berserk, Trog's Hand


You were on level 3 of the Dungeon.
You worshipped Trog.
Trog was pleased with you.
You visited 1 branch of the dungeon, and saw 3 of its levels.

You collected 140 gold pieces.

Inventory:

Hand Weapons
 a - a +0 hand axe (weapon)
Missiles
 f - 14 stones (quivered)
 i - 2 poisoned darts
Armour
 b - a +0 animal skin
 n - a +0 scale mail (worn)
Scrolls
 c - a scroll of fog {unknown}
 d - 3 scrolls of identify {unknown}
 e - 3 scrolls of teleportation {unknown}
 g - a scroll of silence {unknown}
 l - a scroll of enchant armour {unknown}
Potions
 h - a potion of curing {unknown}
 j - a potion of mutation {unknown}
 k - a potion of brilliance {unknown}
 m - a potion of heal wounds {unknown}


   Skills:
 + Level 3.2 Fighting
 + Level 3.0 Axes
 + Level 3.4 Armour
 + Level 2.1 Dodging


You had 3 spell levels left.
You didn't know any spells.
Your spell library was empty.

Dungeon Overview and Level Annotations

Branches:
Dungeon (3/15)

Altars:


Innate Abilities, Weirdness & Mutations

You are completely covered in rugged brown scales. (AC +3, +7% HP)
Armour fits poorly on your strangely shaped body.
You have a long armoured tail.
You roll when moving toward enemies. (Rampage)
Your long tongue fully drains potion bottles. (2x potion effects)
Your tongue gives you trouble enunciating. (1.5x scroll delay)


Message History

You feel sick.
Your Axes skill increases to level 3!
You are too injured to fight recklessly!
An iguana comes into view.
You feel sick.
The iguana hisses angrily.
A kobold comes into view.
It is wielding a +0 club and quivering poisoned darts.
You are too injured to fight recklessly!
You roll towards the iguana!
You feel sick.
The kobold shouts!
There are monsters nearby!
You roll towards the iguana!
Found a robe.
You feel sick.
You are no longer poisoned.
The iguana bites you but does no damage.
You are too injured to fight recklessly!
You slash the iguana! You tail-slap the iguana!
The iguana is almost dead.
The iguana bites you but does no damage.
You are too injured to fight recklessly!
You hit the iguana but do no damage.
The iguana is almost dead.
The iguana bites you!
* * * LOW HITPOINT WARNING * * *
You are too injured to fight recklessly!
You hit the iguana but do no damage.
The iguana is almost dead.
The iguana bites you!
* * * LOW HITPOINT WARNING * * *
You are too injured to fight recklessly!
You hit the iguana.
Your tail-slap misses the iguana.
The iguana is almost dead.
The iguana bites you but does no damage.
Okay, then.
You closely miss the iguana.
Your tail-slap misses the iguana.
The iguana is almost dead.
The iguana barely misses you. x2
You hit the iguana but do no damage.
The iguana is almost dead.
The iguana bites you.
You die...

#.###### #.# # #.# ###.#
..##.##.####### #...#
#.............# #.###
#.##.##.#####.# #.# #
#...# ##.######.###
#..#.#.##......<.....
#.##.##?##....######.##.
#......@...?..# #.#
#.#..##l#.[.... #.# #...
.K#..##.# #.# #.. ....
..... ..# ## ##### .##.
### . . ##


You could see an iguana and a kobold.

Vanquished Creatures
  5 adders
  A worm (D:2)
  2 bats (D:1)
  4 endoplasms
  2 goblins
  4 hobgoblins
  3 jackals (D:1)
  5 kobolds
  3 ball pythons (D:1)
  6 frilled lizards (D:2)
  2 rats
37 creatures vanquished.

Notes
Turn   | Place    | Note
-------+----------+-------------------------------------------
     0 | D:1      | bearlyready the Armataur Berserker began the quest for the
                  | Orb.
     0 | D:1      | Reached XP level 1. HP: 19/19 MP: 1/1
   311 | D:1      | Reached XP level 2. HP: 26/26 MP: 2/2
   689 | D:1      | Found a faded altar of an unknown god.
  1125 | D:2      | Reached XP level 3. HP: 28/33 MP: 3/3
  1369 | D:2      | Identified the +0 leather armour of Cigrut {rElec}
  1615 | D:2      | Reached ** piety under Trog
  1834 | D:2      | Reached XP level 4. HP: 30/40 MP: 4/4
  2328 | D:3      | HP: 1/40 [iguana (11)]
  2331 | D:3      | Slain by an iguana

Illustrated notes

Levels and vault maps discovered:
D:1:      wander_arrival_chamber, layout_basic,
          hellmonk_ecumenical_altar_pennies_from_heaven
D:2:      minmay_door_path, layout_basic, minmay_lizard_pond
D:3:      layout_loops_ring

Skill      XL: |  1  2  3  4 |
---------------+-------------+-----
Fighting       | 3 |  3.2
Armour         | 3 |  3.4
Dodging        | 2 |  2.1
Axes           | 3 |  3.0

Action                     |  1- 3 |  4- 6 || total
---------------------------+-------+-------++-------
  Melee: Hand axe          |   115 |    15 ||   130
         Tailslap          |     8 |     1 ||     9
         Punch             |     1 |       ||     1
 Armour: Animal skin       |    61 |       ||    61
         Scale mail        |       |     7 ||     7
  Dodge: Dodged            |    69 |     5 ||    74

Table legend: (Time is in decaauts)
 A = Elapsed time spent in this place.
 B = Non-inter-level travel time spent in this place.
 C = Inter-level travel time spent in this place.
 D = Time resting spent in this place.
 E = Time spent auto-exploring this place.
 F = Levels seen in this place.
 G = Mean time per level.
                   A        B        C        D        E       F      G
               +--------+--------+--------+--------+--------+-----+--------+
         Total |   2351 |   2226 |    125 |      0 |   1947 |   3 |  783.7 |
       Dungeon |   2351 |   2226 |    125 |      0 |   1947 |   3 |  783.7 |
               +--------+--------+--------+--------+--------+-----+--------+

Top non-repeatable levels by time:
     D:2: 1187 daAuts
     D:1: 1110 daAuts
     D:3: 53 daAuts
